[Event "ICC tourney 2721 (40 10)"]
[Site "Internet Chess Club"]
[Date "2021.10.30"]
[Round "4"]
[White "WILLY, STEPHEN:stephenwilly"]
[Black "Fong, Kevin:kleong12"]
[Result "1-0"]
[ICCResult "Black resigns"]
[WhiteElo "1685"]
[BlackElo "1759"]
[Opening "Sicilian: Alapin's variation (2.c3)"]
[ECO "B22"]
[NIC "SI.47"]
[Time "17:46:04"]
[PlyCount "85"]
[TimeControl "2400+10"]

1. e4 c5 2. c3 Nf6 3. e5 Nd5 4. d4 cxd4 5. cxd4 d6 6. Nf3 Nc6 7. Bc4 Nb6 8.
Bb5 Bd7 9. Nc3 e6 10. O-O a6 11. Bd3 dxe5 12. dxe5 Be7 13. Qe2 Nb4 14. Be4
Bc6 15. Rd1 Qc7 16. Be3 O-O 17. Rac1 Rfd8 18. h3 Rxd1+ 19. Qxd1 Rd8 20. Qb3
N4d5 21. Bxb6 Nxb6 22. Ne2 Nd5 23. Ned4 g6 24. Qc4 Qa5 25. Nxc6 bxc6 26. Bb1
c5 27. Rd1 Qb5 28. Qc1 Rb8 29. b3 a5 30. Bd3 Qb4 31. Bc4 Nb6 32. a3 Nxc4 33.
axb4 Nb6 34. bxa5 Nd5 35. a6 Ra8 36. Qc4 Bf8 37. Ng5 h6 38. Ne4 Nc7 39. Nxc5
Bxc5 40. Qxc5 Nxa6 41. Qc6 Ra7 42. Rd8+ Kg7 43. Qe8 {Black resigns} 1-0

[Event "ICC tourney 2721 (40 10)"]
[Site "Internet Chess Club"]
[Date "2021.10.30"]
[Round "4"]
[White "RAVIND G N, RICNESH:RickyCarlsen"]
[Black "ZHANG, FRED:Fredzhang"]
[Result "1-0"]
[ICCResult "Black checkmated"]
[WhiteElo "1700"]
[BlackElo "1509"]
[Opening "Saragossa opening"]
[ECO "A00"]
[NIC "VO.12"]
[Time "17:54:53"]
[PlyCount "143"]
[TimeControl "2400+10"]

1. c3 Nc6 2. d4 d5 3. Nf3 Nf6 4. Na3 e5 5. dxe5 Ne4 6. Nb5 Bc5 7. Nbd4 O-O
8. Bf4 f5 9. exf6 Nxd4 10. Nxd4 Qxf6 11. e3 Qb6 12. Qb3 Qxb3 13. Nxb3 Bb6
14. Bd3 Bf5 15. Bxe4 Bxe4 16. f3 Bc2 17. Kd2 Bxb3 18. axb3 c6 19. b4 Rfe8
20. Rhe1 a6 21. Kc2 Rac8 22. Rad1 Bc7 23. Rd4 Bb6 24. Rd2 Bc7 25. Bxc7 Rxc7
26. Rde2 Rce7 27. Kd3 Kf7 28. e4 dxe4+ 29. Rxe4 Rxe4 30. Rxe4 Rxe4 31. fxe4
Ke6 32. Kd4 b6 33. c4 Kd6 34. c5+ bxc5+ 35. bxc5+ Ke6 36. b4 Kf6 37. g4 Ke6
38. g5 h5 39. gxh6 gxh6 40. h3 h5 41. h4 Kf6 42. Kd3 Ke6 43. Ke3 Ke5 44. Kf3
Ke6 45. Kf4 Kf6 46. e5+ Ke6 47. Ke4 Ke7 48. Kf5 Kf7 49. e6+ Ke7 50. Ke5 Ke8
51. Kd6 Kd8 52. Kxc6 Ke7 53. Kb7 Kxe6 54. c6 Ke5 55. c7 Kd4 56. c8=Q Ke5 57.
Kxa6 Kd5 58. Qc5+ Ke4 59. Qxh5 Kd4 60. Qf5 Kc4 61. Qe5 Kd3 62. Qf4 Kc3 63.
Qe4 Kd2 64. Qf3 Kc2 65. Qe3 Kb2 66. Qd3 Kc1 67. Qe2 Kb1 68. Qd2 Ka1 69. Ka5
Kb1 70. Ka4 Ka1 71. Kb3 Kb1 72. Qd1# {Black checkmated} 1-0

[Event "ICC tourney 2721 (40 10)"]
[Site "Internet Chess Club"]
[Date "2021.10.30"]
[Round "4"]
[White "DESAI, KATHAN:kd9junior"]
[Black "ZHUGE, KATHERINE:FlowingMelody"]
[Result "1-0"]
[ICCResult "Black resigns"]
[WhiteElo "1469"]
[BlackElo "1453"]
[Opening "QGD: Charousek (Petrosian) variation"]
[ECO "D31"]
[NIC "QP.08"]
[Time "17:45:27"]
[PlyCount "123"]
[TimeControl "2400+10"]

1. d4 d5 2. c4 e6 3. Nc3 Be7 4. cxd5 exd5 5. e3 Nf6 6. Bd3 O-O 7. Nge2 b6 8.
O-O c5 9. Ng3 Nc6 10. Bc2 Bb7 11. Nce2 Bd6 12. dxc5 bxc5 13. Nc3 Be7 14. Nf5
Rb8 15. Qe2 Qc7 16. Rd1 Rbd8 17. Qf3 Ne5 18. Qg3 g6 19. Nxe7+ Qxe7 20. Qg5
d4 21. exd4 cxd4 22. Ne4 Bxe4 23. Bxe4 Qe6 24. Bf4 Nxe4 25. Qxe5 Qxe5 26.
Bxe5 d3 27. Rac1 f6 28. Bf4 Rfe8 29. Be3 a6 30. f3 Nc3 31. Rxc3 Rxe3 32. Rd2
Kf7 33. Kf2 Re6 34. Rdxd3 Rxd3 35. Rxd3 Ke7 36. Re3 Rxe3 37. Kxe3 f5 38. Kd4
Kd6 39. a3 h6 40. b4 g5 41. a4 Kc6 42. g3 Kd6 43. b5 a5 44. h3 h5 45. g4
fxg4 46. fxg4 h4 47. Kc4 Kc7 48. Kc5 Kb7 49. Kd5 Kc7 50. Ke5 Kd7 51. Kf5 Ke7
52. Kxg5 Kd7 53. Kxh4 Kc7 54. Kg5 Kd7 55. Kf6 Kd6 56. h4 Kd7 57. h5 Kd8 58.
h6 Kd7 59. h7 Kd6 60. h8=Q Kc5 61. b6 Kxb6 62. g5 {Black resigns} 1-0

[Event "ICC tourney 2721 (40 10)"]
[Site "Internet Chess Club"]
[Date "2021.10.30"]
[Round "4"]
[White "Liao, Connor:che2468"]
[Black "BAYYARAPU, MOHIT SREEJAN:mohitbayyarapu"]
[Result "0-1"]
[ICCResult "White checkmated"]
[WhiteElo "1452"]
[BlackElo "1670"]
[Opening "King's Indian: East Indian defense"]
[ECO "A48"]
[NIC "QP.06"]
[Time "17:45:14"]
[PlyCount "92"]
[TimeControl "2400+10"]

1. d4 Nf6 2. Nf3 g6 3. e3 Bg7 4. b3 d5 5. Bb2 O-O 6. Bd3 c5 7. O-O Nc6 8. c4
cxd4 9. exd4 e6 10. Nbd2 Re8 11. Ne5 Nxe5 12. dxe5 Nd7 13. f4 Nc5 14. Bc2 b6
15. cxd5 Qxd5 16. b4 Bb7 17. Qe2 Na6 18. Be4 Qd7 19. a3 Bxe4 20. Nxe4 Nc7
21. Nd6 Red8 22. Rac1 Nd5 23. Rc2 Bf8 24. Ne4 Be7 25. g3 Rac8 26. Rd2 Qc6
27. Rc1 Qd7 28. Rcd1 Qc7 29. Rc1 Qb7 30. Rcd1 a6 31. Bd4 Qc6 32. Qxa6 Nxb4
33. axb4 Qxe4 34. Bxb6 Rf8 35. b5 Bb4 36. Rg2 Qc4 37. Be3 Qb3 38. Rf1 Qxe3+
39. Kh1 Rc1 40. Rxc1 Qxc1+ 41. Rg1 Qd2 42. Qc6 Rd8 43. Qc7 Qd5+ 44. Rg2 Qd1+
45. Rg1 Qf3+ 46. Rg2 Rd1# {White checkmated} 0-1

[Event "ICC tourney 2721 (40 10)"]
[Site "Internet Chess Club"]
[Date "2021.10.30"]
[Round "4"]
[White "WU, WINSTON:K01-30022609"]
[Black "BRUDNO, STEPHEN:StevChess01"]
[Result "1/2-1/2"]
[ICCResult "Game drawn by mutual agreement"]
[WhiteElo "1336"]
[BlackElo "1607"]
[Opening "Sicilian: Alapin's variation (2.c3)"]
[ECO "B22"]
[NIC "SI.46"]
[Time "17:45:22"]
[PlyCount "121"]
[TimeControl "2400+10"]

1. e4 c5 2. c3 d5 3. exd5 Qxd5 4. d4 Nc6 5. Nf3 Bg4 6. Be2 e6 7. Na3 cxd4 8.
cxd4 Bxa3 9. bxa3 Nge7 10. O-O O-O 11. Be3 Rfd8 12. h3 Bh5 13. Re1 h6 14.
Qc2 Bg6 15. Qc3 Rac8 16. Qb3 b6 17. Rac1 Na5 18. Qb4 Nec6 19. Qd2 Nb8 20.
Ne5 Be4 21. Bf3 Bxf3 22. Nxf3 Nc4 23. Qc3 Qd7 24. Qb3 Nxe3 25. Qxe3 Rxc1 26.
Rxc1 Rc8 27. Rxc8+ Qxc8 28. Qb3 Qc1+ 29. Kh2 Qf4+ 30. Kg1 Qd6 31. Qc3 Nc6
32. Qd3 Qd5 33. Qb3 Na5 34. Qxd5 exd5 35. Ne5 f6 36. Nd3 Nc6 37. Nb4 Ne7 38.
f3 Kf7 39. Kf2 Ke6 40. Ke3 a5 41. Nc2 Nf5+ 42. Kd3 Nh4 43. Ne1 g5 44. Ke3
Ng6 45. Nd3 Kf5 46. g4+ Ke6 47. f4 Kd6 48. f5 Ne7 49. Nb2 Kc6 50. Kd3 Nc8
51. Nd1 Nd6 52. Nc3 Nb5 53. a4 Nd6 54. Nb1 Ne4 55. Ke3 b5 56. Nd2 Nxd2 57.
Kxd2 bxa4 58. a3 Kb5 59. Kc3 Kb6 60. Kd3 Kc6 61. Kc3
{Game drawn by mutual agreement}
1/2-1/2

[Event "ICC tourney 2721 (40 10)"]
[Site "Internet Chess Club"]
[Date "2021.10.30"]
[Round "4"]
[White "QI, JENNY:eevee11"]
[Black "REDDY, TANVI CHINTHAGUNTA:tcrgm"]
[Result "0-1"]
[ICCResult "White checkmated"]
[WhiteElo "1394"]
[BlackElo "1609"]
[Opening "French: Tarrasch, open, 4.ed ed"]
[ECO "C08"]
[NIC "FR.20"]
[Time "17:45:09"]
[PlyCount "74"]
[TimeControl "2400+10"]

1. e4 e6 2. d4 d5 3. Nd2 c5 4. exd5 exd5 5. Bb5+ Nc6 6. Ngf3 Nf6 7. O-O Be7
8. dxc5 Bxc5 9. Nb3 Be7 10. Re1 O-O 11. Qe2 Re8 12. Nfd4 Bd7 13. Nxc6 bxc6
14. Ba4 Bb4 15. Be3 Bxe1 16. Qxe1 Ng4 17. Qc3 Nxe3 18. fxe3 Qb6 19. Nd4 Rac8
20. b3 Qc7 21. Nf3 Qd6 22. Qd3 Qh6 23. Re1 Re4 24. c4 Be6 25. Bxc6 Rxc6 26.
cxd5 Bxd5 27. Qxd5 Re8 28. Qd7 Rf8 29. Ne5 Rc2 30. Qe7 Qa6 31. Nd7 Rfc8 32.
Rf1 Rc1 33. Qxf7+ Kh8 34. Ne5 Qe2 35. Qf3 Rxf1+ 36. Qxf1 Qxe3+ 37. Qf2 Rc1#
{White checkmated}
0-1

[Event "ICC tourney 2721 (40 10)"]
[Site "Internet Chess Club"]
[Date "2021.10.30"]
[Round "4"]
[White "WAKIDA, KEN:Yamato1945"]
[Black "LIU, PATRICK PEIJUN:JunlinTheWorld"]
[Result "0-1"]
[ICCResult "White resigns"]
[WhiteElo "1434"]
[BlackElo "1787"]
[Opening "QGD: Cambridge Springs defense"]
[ECO "D52"]
[NIC "QO.15"]
[Time "17:45:17"]
[PlyCount "130"]
[TimeControl "2400+10"]

1. d4 d5 2. c4 e6 3. Nc3 Nf6 4. Bg5 Nbd7 5. e3 c6 6. Nf3 Qa5 7. Qc2 Bb4 8.
a3 Ne4 9. Rc1 Bxc3+ 10. bxc3 Qxa3 11. Bf4 O-O 12. Bd3 Nef6 13. O-O Qe7 14.
c5 Re8 15. c4 h6 16. cxd5 exd5 17. Nd2 Nf8 18. Bd6 Qd8 19. Rfe1 Ne6 20. h3
Ng5 21. Bh2 Nfe4 22. Nxe4 dxe4 23. Bc4 Qf6 24. Be5 Qg6 25. Kh1 Bf5 26. Bd6
Nf3 27. gxf3 exf3 28. Bxf7+ Kxf7 29. Qb3+ Qe6 30. Qxb7+ Qd7 31. Qxd7+ Bxd7
32. Kh2 Bf5 33. Rg1 g6 34. Ra1 a5 35. Rg3 Be4 36. Ra4 Red8 37. Bc7 Rd7 38.
Bb6 Ke6 39. Rg4 Kd5 40. Rf4 Bc2 41. Rxa5 Rxa5 42. Bxa5 Be4 43. Bb6 Re7 44.
Rf6 Re8 45. Kg3 Kc4 46. h4 Kd3 47. Rf7 Bd5 48. Rh7 h5 49. Rg7 Re6 50. Rd7
Re4 51. Rxd5 cxd5 52. Kxf3 Rxh4 53. Bd8 Rh1 54. c6 Rc1 55. c7 g5 56. Bxg5
Rxc7 57. Bh4 Rf7+ 58. Kg2 Ke2 59. Bg3 Rg7 60. Kh3 Rg4 61. Kg2 h4 62. Kh2
hxg3+ 63. fxg3 Kxe3 64. Kh3 Rxd4 65. g4 Re4 {White resigns} 0-1

[Event "ICC tourney 2721 (40 10)"]
[Site "Internet Chess Club"]
[Date "2021.10.30"]
[Round "4"]
[White "VALE CRUZ, ARMIN:trucker"]
[Black "MOGILEVSKI, PETE:pmogilevski"]
[Result "1-0"]
[ICCResult "Black checkmated"]
[WhiteElo "1701"]
[BlackElo "1543"]
[Opening "Réti: King's Indian attack"]
[ECO "A05"]
[NIC "QP.11"]
[Time "17:45:12"]
[PlyCount "129"]
[TimeControl "2400+10"]

1. Nf3 Nf6 2. g3 g6 3. Bg2 Bg7 4. d3 d5 5. c3 c6 6. Nbd2 e6 7. O-O b6 8. a4
Bb7 9. a5 b5 10. Nb3 Nfd7 11. e4 a6 12. d4 O-O 13. e5 c5 14. Bg5 Qe8 15. Qd2
c4 16. Nc1 Nc6 17. Re1 f5 18. Ne2 Qf7 19. Be3 Rfe8 20. h4 Nf8 21. Ng5 Qe7
22. Nh3 h5 23. Ra3 Rab8 24. Bf3 b4 25. Ra4 bxc3 26. bxc3 Ba8 27. Rea1 Rb5
28. Qa2 Reb8 29. Bc1 Qb7 30. Kg2 Rb1 31. Ba3 Rxa1 32. Qxa1 Qb1 33. Bxf8 Qxa1
34. Rxa1 Bxf8 35. Nef4 Kh7 36. Ng5+ Kh6 37. Nfxe6 Ne7 38. Nxf8 Rxf8 39. Rb1
f4 40. Ne6 Rc8 41. Nxf4 Kg7 42. Rb6 Rc6 43. Rb8 Rc8 44. Rxc8 Nxc8 45. Bxd5
Bxd5+ 46. Nxd5 Na7 47. Nb6 Nb5 48. Nxc4 Nxc3 49. f4 Kf7 50. Kf3 Ke6 51. Nb6
g5 52. hxg5 h4 53. gxh4 Ne4 54. Kxe4 Kf7 55. d5 Kg6 56. d6 Kf7 57. f5 Ke8
58. e6 Kf8 59. f6 Kg8 60. d7 Kh7 61. d8=Q Kg6 62. Qe8+ Kh7 63. Qh5+ Kg8 64.
Qg6+ Kf8 65. Qf7# {Black checkmated} 1-0

[Event "ICC tourney 2721 (40 10)"]
[Site "Internet Chess Club"]
[Date "2021.10.30"]
[Round "4"]
[White "KUSHWAHA, SOUMIL:SK-2005"]
[Black "WANG, JESSICA:crazyhorse9"]
[Result "0-1"]
[ICCResult "White resigns"]
[WhiteElo "1668"]
[BlackElo "1500"]
[Opening "Giuoco Piano: Möller (Therkatz) attack"]
[ECO "C54"]
[NIC "IG.02"]
[Time "17:45:20"]
[PlyCount "82"]
[TimeControl "2400+10"]

1. e4 e5 2. Nf3 Nc6 3. Bc4 Bc5 4. c3 Nf6 5. d4 exd4 6. cxd4 Bb4+ 7. Nc3 Nxe4
8. O-O Bxc3 9. d5 Bf6 10. Re1 Ne7 11. Rxe4 d6 12. Bf4 O-O 13. Qd2 Bf5 14.
Ree1 Ng6 15. Be3 Re8 16. Nd4 Ne5 17. Be2 Bd7 18. Rac1 a6 19. Rc3 c5 20. dxc6
Nxc6 21. Rcc1 d5 22. Nb3 Bf5 23. Red1 d4 24. Bf4 Be7 25. a3 Qb6 26. Bc4 Rad8
27. Na1 Bf6 28. b4 d3 29. Nb3 Re2 30. Be3 Qc7 31. Nc5 Rxd2 32. Rxd2 Qe7 33.
Kf1 Bd4 34. Re1 Qf6 35. Bf4 Ne5 36. Ba2 g5 37. Bxe5 Bxe5 38. Nxb7 Bc3 39.
Nxd8 Bxd2 40. Bxf7+ Kg7 41. Rd1 Qxd8 {White resigns} 0-1

[Event "ICC tourney 2721 (40 10)"]
[Site "Internet Chess Club"]
[Date "2021.10.30"]
[Round "4"]
[White "SKARIAH, ANUSHKA ELIZABETH:kskariah"]
[Black "HE, EDEN:edenhe"]
[Result "0-1"]
[ICCResult "White checkmated"]
[WhiteElo "1550"]
[BlackElo "1461"]
[Opening "French: advance, Paulsen attack"]
[ECO "C02"]
[NIC "FR.03"]
[Time "17:45:09"]
[PlyCount "186"]
[TimeControl "2400+10"]

1. e4 e6 2. d4 d5 3. e5 c5 4. c3 Nc6 5. Nf3 Qb6 6. a3 cxd4 7. cxd4 a5 8. Nc3
Nge7 9. Bd3 Bd7 10. Bc2 Ng6 11. O-O Be7 12. Rb1 O-O 13. Be3 Rac8 14. Ne1 f5
15. f4 Rc7 16. Nf3 Rfc8 17. Na4 Qa7 18. Nc5 Bxc5 19. dxc5 Nf8 20. b4 axb4
21. axb4 Qa3 22. Rb3 Qa2 23. Qe2 Ra8 24. Bd4 Ng6 25. Qd2 Nxd4 26. Nxd4 Nf8
27. Qc3 Rcc8 28. h3 h5 29. Qe1 Ba4 30. Bb1 Qxb3 31. Nxb3 Bxb3 32. Qh4 g6 33.
g4 Rc7 34. gxf5 exf5 35. Qf2 Bc4 36. Re1 Ne6 37. Qg3 Kh7 38. Kh1 Ra4 39. Rg1
Rg7 40. Qc3 Nxf4 41. Re1 Ne6 42. Bc2 Ra2 43. Bb3 Ra3 44. Rb1 Re7 45. b5 Rc7
46. Qb4 Rxb3 47. Rxb3 Bxb3 48. Qxb3 Rxc5 49. Kh2 Kg7 50. b6 Kf7 51. Qa4 Rc6
52. Qa7 Nd8 53. Qa2 Ke6 54. Kg3 Kxe5 55. Qe2+ Kf6 56. Qb2+ Kf7 57. Qe5 Ne6
58. Qxd5 Rxb6 59. Qd7+ Kf6 60. h4 f4+ 61. Kf3 Rb3+ 62. Kf2 b5 63. Qd1 Re3
64. Qa1+ Kf5 65. Qb1+ Kf6 66. Qxb5 Rf3+ 67. Ke1 Re3+ 68. Kd1 Re5 69. Qb2 Kf5
70. Qb1+ Kf6 71. Qb2 f3 72. Kc1 Nc5 73. Qb6+ Kf5 74. Qb1+ Ne4 75. Qd3 Rc5+
76. Kb1 Rc3 77. Qd5+ Kf4 78. Qf7+ Ke3 79. Qa7+ Ke2 80. Qa2+ Ke1 81. Qd5 Re3
82. Qa5+ Kf1 83. Qb5+ Re2 84. Qd3 Kg2 85. Kc1 Re1+ 86. Kc2 f2 87. Qxe4+ Rxe4
88. Kd3 Kf3 89. Kd2 Re3 90. Kc2 Ke2 91. Kb2 Kd2 92. Ka2 Kc2 93. Ka1 Ra3#
{White checkmated}
0-1

[Event "ICC tourney 2721 (40 10)"]
[Site "Internet Chess Club"]
[Date "2021.10.30"]
[Round "4"]
[White "SZERENCSY, IAN:iszerencsy"]
[Black "ACKERMAN, RYAN:RyanTime"]
[Result "1/2-1/2"]
[ICCResult "Game drawn by mutual agreement"]
[WhiteElo "1672"]
[BlackElo "1744"]
[Opening "French: classical, Pollock variation"]
[ECO "C14"]
[NIC "FR.06"]
[Time "17:46:04"]
[PlyCount "118"]
[TimeControl "2400+10"]

1. e4 e6 2. d4 d5 3. Nc3 Nf6 4. Bg5 Be7 5. e5 Nfd7 6. Bxe7 Qxe7 7. Qg4 f5 8.
Qg3 a6 9. Bd3 O-O 10. Nge2 c5 11. dxc5 Nc6 12. O-O Ndxe5 13. Na4 Nxd3 14.
Qxd3 f4 15. g3 Ne5 16. Qc3 Qg5 17. h4 Qh5 18. Nd4 g5 19. Nb6 Rb8 20. Nxc8
Rbxc8 21. Nxe6 Nf3+ 22. Kh1 d4 23. Qb3 Rf7 24. Qd5 Qg4 25. Nxg5 Nxg5 26.
Qxg5+ Qxg5 27. hxg5 Rxc5 28. Rac1 fxg3 29. f4 Rcf5 30. Kg2 Rxf4 31. Rxf4
Rxf4 32. Kxg3 Rf5 33. Kg4 Rc5 34. c3 b5 35. Kf4 Kg7 36. Ke4 dxc3 37. Rxc3
Rxg5 38. Rc7+ Kh6 39. Rc6+ Rg6 40. Rc2 Kg5 41. Ke5 Kh6 42. Kf5 Rg5+ 43. Kf6
Rg6+ 44. Kf5 Kg7 45. Rc7+ Kg8 46. Rc2 Rg1 47. Kf6 h5 48. Rh2 Rf1+ 49. Kg5
Rg1+ 50. Kxh5 Kf7 51. Re2 Kf6 52. Kh4 Kf5 53. Kh3 a5 54. Rc2 Ke4 55. Rc5 Ra1
56. a3 b4 57. Rxa5 bxa3 58. bxa3 Kd4 59. Ra4+ Kc3
{Game drawn by mutual agreement}
1/2-1/2

[Event "ICC tourney 2721 (40 10)"]
[Site "Internet Chess Club"]
[Date "2021.10.30"]
[Round "4"]
[White "HANKE, HARVEY:ThinkingPanda"]
[Black "THAIN, JACK:jt1819"]
[Result "0-1"]
[ICCResult "White checkmated"]
[WhiteElo "1536"]
[BlackElo "1719"]
[Opening "Caro-Kann: Tartakower (fantasy) variation"]
[ECO "B12"]
[NIC "CK.02"]
[Time "17:45:14"]
[PlyCount "132"]
[TimeControl "2400+10"]

1. e4 c6 2. d4 d5 3. f3 dxe4 4. fxe4 e5 5. Nf3 exd4 6. Bc4 Be6 7. Bxe6 fxe6
8. O-O Be7 9. Nxd4 Qd7 10. Qh5+ Kd8 11. Rd1 Kc8 12. Nb3 g6 13. Qg4 h5 14.
Qf3 Qe8 15. Bf4 Nd7 16. Nc3 e5 17. Bg3 Ngf6 18. Bh4 Rf8 19. Bxf6 Rxf6 20.
Qh3 g5 21. Rd2 g4 22. Qg3 Kc7 23. Rad1 Rd8 24. Qe3 b6 25. Kh1 Rg6 26. Qe2
Nb8 27. Rxd8 Bxd8 28. Qf2 h4 29. Qe2 g3 30. h3 Rf6 31. Rf1 Qf7 32. Nd2 Rxf1+
33. Nxf1 Nd7 34. Kg1 Be7 35. Ne3 Bc5 36. Nd1 Qf4 37. c3 Qxe4 38. b4 Bxe3+
39. Qxe3 Qxe3+ 40. Nxe3 Nf8 41. Nf5 Ng6 42. Kf1 Kd7 43. Ke2 Ke6 44. Ne3 e4
45. Kd2 Nf4 46. c4 Ke5 47. Kc3 Ne6 48. a3 Kf4 49. Ng4 Ng5 50. Kd4 Nxh3 51.
c5 Kxg4 52. cxb6 axb6 53. a4 Nf4 54. a5 h3 55. axb6 hxg2 56. b7 g1=Q+ 57.
Kc4 Qa7 58. b8=Q Qxb8 59. Kc5 Qb5+ 60. Kd6 Qxb4+ 61. Kxc6 Qd4 62. Kc7 g2 63.
Kc6 g1=R 64. Kc7 Rc1+ 65. Kb7 Qb2+ 66. Ka6 Ra1# {White checkmated} 0-1

[Event "ICC tourney 2721 (40 10)"]
[Site "Internet Chess Club"]
[Date "2021.10.30"]
[Round "5"]
[White "WILLY, STEPHEN:stephenwilly"]
[Black "SZERENCSY, IAN:iszerencsy"]
[Result "0-1"]
[ICCResult "White checkmated"]
[WhiteElo "1685"]
[BlackElo "1672"]
[Opening "Giuoco Piano: Bird's attack"]
[ECO "C54"]
[NIC "IG.02"]
[Time "20:00:12"]
[PlyCount "82"]
[TimeControl "2400+10"]

1. e4 e5 2. Nf3 Nc6 3. Bc4 Bc5 4. c3 Nf6 5. b4 Bb6 6. d3 d6 7. a4 a6 8. h3
O-O 9. Qb3 a5 10. b5 Ne7 11. Bg5 Ng6 12. Nbd2 h6 13. Be3 Bxe3 14. fxe3 c6
15. Qa3 d5 16. exd5 cxd5 17. Bb3 Bf5 18. d4 e4 19. Nh2 Nh5 20. O-O Qg5 21.
Rae1 Bxh3 22. Rf2 Nh4 23. Ree2 Bxg2 24. Rxg2 Nxg2 25. Rxg2 Qxe3+ 26. Kh1
Ng3+ 27. Rxg3 Qxg3 28. Bxd5 e3 29. Ndf1 Qf2 30. Bxb7 e2 31. Bxa8 e1=Q 32.
Bd5 Qh4 33. Bg2 Re8 34. Qd6 Re2 35. Qc7 Rxg2 36. Qc8+ Kh7 37. Qf5+ Rg6 38.
b6 Qhe4+ 39. Qxe4 Qxe4+ 40. Nf3 Qxf3+ 41. Kh2 Qg2# {White checkmated} 0-1

[Event "ICC tourney 2721 (40 10)"]
[Site "Internet Chess Club"]
[Date "2021.10.30"]
[Round "5"]
[White "WAKIDA, KEN:Yamato1945"]
[Black "HOSUR, SANMITA:phosur"]
[Result "1-0"]
[ICCResult "Black checkmated"]
[WhiteElo "1434"]
[BlackElo "1171"]
[Opening "QGD: Orthodox defense"]
[ECO "D60"]
[NIC "QO.12"]
[Time "20:00:15"]
[PlyCount "101"]
[TimeControl "2400+10"]

1. d4 d5 2. c4 e6 3. Nc3 Nf6 4. Bg5 Be7 5. e3 O-O 6. Nf3 Nbd7 7. Be2 dxc4 8.
Bxc4 a6 9. O-O b5 10. Bd3 c5 11. Bxf6 Bxf6 12. Be4 Rb8 13. Qc2 h6 14. Rfd1
Qb6 15. d5 Bb7 16. dxe6 Qxe6 17. Bf5 Qb6 18. Bxd7 Bxf3 19. gxf3 Be5 20. f4
Bc7 21. Nd5 Qa7 22. Nxc7 Qxc7 23. Rac1 c4 24. b3 Rb6 25. Bf5 Rc6 26. Be4 Rc5
27. b4 Rh5 28. Qe2 Rh4 29. Qf3 Qe7 30. Bb7 f5 31. Bxa6 Rf6 32. Bxb5 Rg6+ 33.
Kf1 Rxh2 34. Bxc4+ Kh7 35. Qa8 Rgg2 36. Bg8+ Kg6 37. Qc6+ Kh5 38. Qf3+ Kh4
39. b5 Rxf2+ 40. Qxf2+ Rxf2+ 41. Kxf2 Kh5 42. Rh1+ Kg6 43. Rc6+ Qf6 44.
Rxf6+ Kxf6 45. b6 Ke7 46. b7 Kd7 47. b8=Q g5 48. Rd1+ Kc6 49. Qc8+ Kb5 50.
Rb1+ Ka4 51. Qa8# {Black checkmated} 1-0

[Event "ICC tourney 2721 (40 10)"]
[Site "Internet Chess Club"]
[Date "2021.10.30"]
[Round "5"]
[White "HE, EDEN:edenhe"]
[Black "BAYYARAPU, MOHIT SREEJAN:mohitbayyarapu"]
[Result "0-1"]
[ICCResult "White checkmated"]
[WhiteElo "1461"]
[BlackElo "1670"]
[Opening "Grünfeld: modern exchange variation"]
[ECO "D90"]
[NIC "GI.07"]
[Time "20:00:19"]
[PlyCount "76"]
[TimeControl "2400+10"]

1. d4 Nf6 2. c4 g6 3. Nf3 Bg7 4. Nc3 d5 5. cxd5 Nxd5 6. e4 Nxc3 7. bxc3 c5
8. Bc4 Nc6 9. Bb2 O-O 10. O-O Bg4 11. d5 Ne5 12. Be2 Bxf3 13. Bxf3 Nc4 14.
Qc2 Qa5 15. Rfc1 b5 16. Be2 Nxb2 17. Qxb2 b4 18. Qb3 bxc3 19. Rab1 Be5 20.
Qc4 Rab8 21. a4 Rb4 22. Qd3 Rfb8 23. Bd1 Bf4 24. Rxb4 cxb4 25. Rb1 Qc5 26.
g3 Be5 27. Kg2 Bc7 28. Bb3 Bb6 29. Qe2 Rc8 30. Rc1 Rd8 31. Rc2 Rc8 32. Qf3
Rf8 33. e5 Kg7 34. h4 f5 35. h5 Qd4 36. Qe2 f4 37. f3 Qg1+ 38. Kh3 Qxg3#
{White checkmated}
0-1

[Event "ICC tourney 2721 (40 10)"]
[Site "Internet Chess Club"]
[Date "2021.10.30"]
[Round "5"]
[White "Liao, Connor:che2468"]
[Black "HANKE, HARVEY:ThinkingPanda"]
[Result "1-0"]
[ICCResult "Black checkmated"]
[WhiteElo "1452"]
[BlackElo "1536"]
[Opening "King's Indian: East Indian defense"]
[ECO "A48"]
[NIC "QP.06"]
[Time "20:00:14"]
[PlyCount "79"]
[TimeControl "2400+10"]

1. d4 Nf6 2. Nf3 g6 3. e3 Bg7 4. b3 d6 5. Bb2 O-O 6. Bd3 Nc6 7. O-O Qe8 8.
Nbd2 e5 9. dxe5 dxe5 10. Bb5 e4 11. Nd4 Bg4 12. Qb1 a6 13. Bxc6 bxc6 14. Ba3
Qd7 15. Bxf8 Rxf8 16. Nc4 Nd5 17. h3 Be6 18. Qe1 Bxh3 19. gxh3 Qxh3 20. f3
exf3 21. Rxf3 Qh6 22. Rd1 Re8 23. Nxc6 Qh5 24. Qg3 Nc3 25. Re1 Qd5 26. Nb4
Qb7 27. a3 Ne4 28. Qf4 f5 29. Rd1 Nc3 30. Rd2 Re4 31. Rd8+ Kf7 32. Rd7+ Ke6
33. Qxc7 Rg4+ 34. Kh2 Be5+ 35. Qxe5+ Kxd7 36. Qg7+ Kc8 37. Nd6+ Kd8 38.
Nxb7+ Ke8 39. Nd6+ Kd8 40. Nc6# {Black checkmated} 1-0

[Event "ICC tourney 2721 (40 10)"]
[Site "Internet Chess Club"]
[Date "2021.10.30"]
[Round "5"]
[White "ZHANG, FRED:Fredzhang"]
[Black "KUSHWAHA, SOUMIL:SK-2005"]
[Result "0-1"]
[ICCResult "White checkmated"]
[WhiteElo "1509"]
[BlackElo "1668"]
[Opening "Ponziani: Jaenisch counter-attack"]
[ECO "C44"]
[NIC "KP.05"]
[Time "20:00:19"]
[PlyCount "98"]
[TimeControl "2400+10"]

1. e4 e5 2. Nf3 Nc6 3. c3 Nf6 4. d4 exd4 5. e5 Nd5 6. cxd4 Bb4+ 7. Bd2 Bxd2+
8. Nbxd2 O-O 9. Bc4 Nb6 10. d5 Nxe5 11. Nxe5 Re8 12. O-O Rxe5 13. f4 Re8 14.
d6 c6 15. Bb3 Qf6 16. Nf3 a5 17. Ng5 Rf8 18. Qh5 h6 19. Ne4 Qd4+ 20. Nf2
Qxd6 21. g3 Qc7 22. Ng4 d5 23. Bc2 Qd6 24. Ne5 Qc5+ 25. Rf2 Nd7 26. Ng4 f5
27. Bxf5 Rxf5 28. Qxf5 Kh8 29. Re1 Nf6 30. Qd3 Bxg4 31. Qe3 Qxe3 32. Rxe3
Ne4 33. Rc2 Rc8 34. Kg2 Bf5 35. Kf3 Ng5+ 36. fxg5 Bxc2 37. gxh6 gxh6 38. Re6
d4 39. Rxh6+ Kg7 40. Rd6 d3 41. Ke3 b5 42. b3 b4 43. Kd2 c5 44. h4 a4 45.
bxa4 c4 46. Rd7+ Kh8 47. Rd4 c3+ 48. Kc1 Re8 49. g4 Re1# {White checkmated}
0-1

[Event "ICC tourney 2721 (40 10)"]
[Site "Internet Chess Club"]
[Date "2021.10.30"]
[Round "5"]
[White "REDDY, TANVI CHINTHAGUNTA:tcrgm"]
[Black "TANG, DYLAN:ruitang"]
[Result "0-1"]
[ICCResult "White checkmated"]
[WhiteElo "1609"]
[BlackElo "1504"]
[Opening "Giuoco Piano"]
[ECO "C54"]
[NIC "IG.02"]
[Time "20:00:23"]
[PlyCount "110"]
[TimeControl "2400+10"]

1. e4 e5 2. Nf3 Nc6 3. Bc4 Bc5 4. c3 Nf6 5. d4 exd4 6. cxd4 Bb4+ 7. Bd2 Nxe4
8. Bxb4 Nxb4 9. Bxf7+ Kxf7 10. Qb3+ Kf8 11. Qxb4+ Qe7 12. Qxe7+ Kxe7 13. Nc3
Nxc3 14. bxc3 d6 15. Kd2 Bg4 16. Ne1 Kd7 17. Nd3 Rhe8 18. f3 Bf5 19. Rab1 b6
20. Rb5 c5 21. a4 Kc6 22. Nf4 Re7 23. c4 Rae8 24. d5+ Kc7 25. g4 Bd7 26.
Rbb1 g5 27. Nh5 Re2+ 28. Kd1 Bxa4+ 29. Kc1 Rc2+ 30. Kd1 Rxh2+ 31. Kc1 Rxh1+
32. Kb2 Re2+ 33. Ka1 Rhh2 34. Rf1 Ra2+ 35. Kb1 Rhb2+ 36. Kc1 Ra1+ 37. Kxb2
Rxf1 38. Nf6 Rxf3 39. Nxh7 Rf4 40. Nxg5 Rxg4 41. Ne6+ Kc8 42. Ka3 Rxc4 43.
Ka2 Re4 44. Ka3 Rxe6 45. dxe6 Be8 46. Kb3 d5 47. Kc3 d4+ 48. Kc4 Kc7 49. Kd3
b5 50. Ke4 Kd6 51. e7 Kxe7 52. Kd5 d3 53. Kxc5 d2 54. Kb4 d1=Q 55. Ka5 Qa4#
{White checkmated}
0-1